 Dungeon Crawl Stone Soup version 0.29.0-11-gd7f09526c8 (webtiles) character file.

Game seed: 17884663486895072610

685 styxcanada the Covert (level 7, 0/35 HPs)
             Began as a Spriggan Brigand on Sept 6, 2022.
             Was an Initiate of Gozag.
             Slain by a centaur (2 damage)
             ... on level 5 of the Dungeon.
             The game lasted 00:17:08 (5348 turns).

styxcanada the Covert (Spriggan Brigand)            Turns: 5348, Time: 00:17:08

Health: 0/35       AC:  3    Str: 19    XL:     7   Next: 35%
Magic:  8/8        EV: 20    Int: 13    God:    Gozag
Gold:   278        SH:  0    Dex: 22    Spells: 6/6 levels left

rFire   + . .      SeeInvis +   a - +3 dagger
rCold   x . .      Faith    .   (no shield)
rNeg    . . .      Spirit   .   b - +0 robe
rPois   .          Reflect  .   (helmet restricted)
rElec   .          Harm     .   c - +0 cloak
rCorr   .          Rampage  .   (gloves unavailable)
Will    +....                   (boots unavailable)
Stlth   +++++.....              (no amulet)
HPRegen 0.11/turn               u - +6 ring of strength
MPRegen 0.11/turn               k - ring "Atoriuce" {rF+ rC- Str+6 Dex+4}

@: very quick
A: very small, no large weapons, unfitting armour, see invisible, speed 3
a: Renounce Religion, Potion Petition, Call Merchant, Bribe Branch


You were on level 5 of the Dungeon.
You worshipped Gozag.
Gozag was aware of your devotion.
You visited 1 branch of the dungeon, and saw 5 of its levels.

You collected 297 gold pieces.
You paid 19 gold pieces to Gozag.

Inventory:

Hand Weapons
 a - a +3 dagger (weapon)
Missiles
 d - 5 poisoned darts (quivered)
 f - 45 stones
 m - 2 curare-tipped darts
Armour
 b - a +0 robe (worn)
 c - a +0 cloak (worn)
Jewellery
 i - a ring of wizardry
 k - the ring "Atoriuce" (right hand) {rF+ rC- Str+6 Dex+4}
   (You acquired it on level 2 of the Dungeon)

   [ring of protection from fire]

   Str:       It affects your strength (+6).
   Dex:       It affects your dexterity (+4).
   rF:        It protects you from fire.
   rC:        It makes you vulnerable to cold.
 u - a +6 ring of strength (left hand)
Wands
 e - a wand of flame (13)
 n - a wand of acid (5)
 r - a wand of digging (7)
Scrolls
 g - a scroll of fear
 o - a scroll of blinking
Potions
 h - a potion of brilliance
 j - a potion of mutation
 l - 2 potions of flight
 p - a potion of ambrosia
 q - 2 potions of curing {unknown}
 t - a potion of magic {unknown}
 v - a potion of might
 w - a potion of haste {unknown}
 z - a potion of heal wounds {unknown}
 A - a potion of degeneration {unknown}
 C - a potion of invisibility {unknown}
 D - a potion of lignification {unknown}


   Skills:
 * Level 2.8 Fighting
 + Level 3.8 Short Blades
 + Level 3.3 Throwing
 * Level 4.6 Dodging
 * Level 10.0 Stealth
 + Level 1.2 Evocations


You had 6 spell levels left.
You didn't know any spells.
Your spell library contained the following spells:

 Spells                   Type           Power      Damage    Failure   Level
 Magic Dart               Conj           0%         1d3       30%         1
 Summon Small Mammal      Summ           0%         N/A       30%         1
 Call Imp                 Summ           0%         N/A       43%         2
 Call Canine Familiar     Summ           0%         N/A       67%         3
 Mephitic Cloud           Conj/Pois/Air  0%         N/A       67%         3
 Stone Arrow              Conj/Erth      0%         3d7       67%         3
 Summon Guardian Golem    Hex/Summ       0%         N/A       67%         3
 Animate Armour           Summ/Erth      0%         N/A       97%         4
 Cause Fear               Hex            0%         N/A       97%         4
 Dragon Form              Tmut           0%         N/A       100%        7
 Lehudib's Crystal Spear  Conj/Erth      0%         10d2      100%        8
 Dragon's Call            Summ           0%         N/A       100%        9


Dungeon Overview and Level Annotations

Branches:
Dungeon (5/15)
 Temple: D:4-7

Altars:
Dithmenos
Gozag
Hepliaklqana
Nemelex Xobeh
Qazlal

Annotations:
D:3 3 runed translucent doors, ChrisAssaf's ghost, amateur NaAr


Innate Abilities, Weirdness & Mutations

You are very small and have problems with some larger weapons.
You are too small for most types of armour.
You have supernaturally acute eyesight. (SInv)
You cover ground extremely quickly. (Speed+++)


Message History

You kill the orc!
The centaur shoots an arrow.
The arrow hits you!
* * * LOW HITPOINT WARNING * * *
The centaur shoots an arrow.
The arrow misses you.
Things that are here:
11 gold pieces; a +0 hand axe; a +0 dagger You hit the centaur.
The centaur is lightly wounded.
The centaur unwields a +0 shortbow.
The centaur barely misses you. The centaur closely misses you.
You hit the centaur.
The centaur is moderately wounded.
The centaur barely misses you. The centaur misses you.
You hit the centaur but do no damage.
The centaur is moderately wounded.
The centaur misses you. x2
You hit the centaur.
The centaur is moderately wounded.
The centaur completely misses you. The centaur kicks you.
* * * LOW HITPOINT WARNING * * *
You barely miss the centaur.
The centaur is moderately wounded.
The centaur hits you but does no damage.
The centaur completely misses you.
The centaur hits you but does no damage.
The centaur closely misses you.
You hit the centaur.
The centaur is heavily wounded.
The centaur barely misses you. The centaur misses you.
You hit the centaur.
The centaur is severely wounded.
The centaur completely misses you. The centaur misses you.
You hit the centaur.
The centaur is severely wounded.
The centaur closely misses you. x2
You hit the centaur.
The centaur is severely wounded.
The centaur hits you.
You die...
Your body crumbles into a pile of gold.

####### #..)..# #.###.##
### ### .).....##.# #..
.... ).###..##.# #.#
...#
#......##.###.####.#.#
..###..##............###
..# #......##.#c#....<..
#.###.........$.@.......
#.......##....#.#.###.##
#####........##...#
#....###.##.#.#
#.#....#.#......
#.#....#.##...###
#.#....#......#
.)#....####...# #.#....#


You could see a centaur.

Vanquished Creatures
  An ogre (D:5)
  A phantom (D:4)
  A necrophage (D:4)
  A scorpion (D:4)
  A hound (D:4)
  3 orc priests
  Natasha (thrice) (D:4)
  3 orc wizards (D:4)
  Robin (D:3)
  3 adders
  A worm (D:2)
  3 dart slugs
  11 orcs
  9 bats
  5 endoplasms
  3 giant cockroaches
  12 goblins
  3 hobgoblins
  3 jackals (D:2)
  4 kobolds
  2 quokkas
  11 ball pythons
  2 frilled lizards
  5 rats
92 creatures vanquished.

Notes
Turn   | Place    | Note
-------+----------+-------------------------------------------
     0 | D:1      | styxcanada the Spriggan Brigand began the quest for the
                  | Orb.
     0 | D:1      | Reached XP level 1. HP: 10/10 MP: 2/2
    44 | D:1      | Reached skill level 6 in Stealth
    83 | D:1      | Reached XP level 2. HP: 2/14 MP: 3/3
  1084 | D:1      | Reached XP level 3. HP: 18/18 MP: 4/4
  1997 | D:2      | Reached skill level 7 in Stealth
  2293 | D:2      | Identified a scroll of acquirement
  2293 | D:2      | Acquired the ring "Atoriuce" {rF+ rC- Str+6 Dex+4}
  2642 | D:3      | Noticed Robin
  2649 | D:3      | Reached XP level 4. HP: 14/23 MP: 5/5
  2718 | D:3      | Found an opulent altar of Gozag.
  2729 | D:3      | Became a worshipper of Gozag Ym Sagoz the Greedy
  2741 | D:3      | Killed Robin
  2936 | D:3      | Found a sparkling altar of Nemelex Xobeh.
  3253 | D:3      | Found a runed translucent gate.
  3254 | D:3      | Found a runed translucent gate.
  3254 | D:3      | Found a runed translucent gate.
  3254 | D:3      | Noticed ChrisAssaf's ghost (amateur NaAr)
  3282 | D:3      | Found a faded altar of an unknown god.
  3810 | D:4      | Found a stormy altar of Qazlal.
  3840 | D:4      | Noticed a scorpion
  3876 | D:4      | Killed a scorpion
  3877 | D:4      | Reached skill level 8 in Stealth
  3877 | D:4      | Reached XP level 5. HP: 22/26 MP: 6/6
  4042 | D:4      | Noticed Natasha
  4050 | D:4      | Killed Natasha
  4151 | D:4      | Reached XP level 6. HP: 31/31 MP: 7/7
  4221 | D:4      | Noticed Natasha
  4225 | D:4      | Reached skill level 9 in Stealth
  4310 | D:4      | Killed Natasha
  4315 | D:4      | Reached skill level 1 in Evocations
  4443 | D:4      | Found a shadowy altar of Dithmenos.
  4444 | D:4      | Noticed a shadow
  4447 | D:4      | Found a hazy altar of Hepliaklqana.
  4506 | D:4      | Noticed Natasha
  4518 | D:4      | Killed Natasha
  4748 | D:5      | Entered Level 5 of the Dungeon
  4750 | D:5      | Reached XP level 7. HP: 35/35 MP: 8/8
  5335 | D:5      | Reached skill level 10 in Stealth
  5348 | D:5      | Slain by a centaur

Illustrated notes

Levels and vault maps discovered:
D:1:      lightli_arrival_quake, layout_basic, chequers_serial_rivers_small_b
D:2:      layout_basic
D:3:      layout_loops_corners, nicolae_gozag_seed_capital,
          nemelex_diamond_rough_becter, ebering_ecumenical_altar_rust,
          ebering_ghost_rock_garden, uniq_robin
D:4:      layout_cave_pools, mainiacjoe_overflow_boulevard,
          riverfiend_overflow_shadow_ancestor, uniq_natasha
D:5:      layout_basic, lemuel_zombie_altar_yredelemnul, amcnicky_altar_gilded,
          lemuel_doored_altar, serial_shops, shop, uniq_blork_the_orc,
          uniq_menkaure, uniq_grinder

Skill      XL: |  1  2  3  4  5  6  7 |
---------------+----------------------+-----
Stealth        | 6 7 8 9 10 | 10.0
Dodging        | 2 3 4 |  4.6
Fighting       | 2 |  2.8
Short Blades   | 3 |  3.8
Evocations     | 1 |  1.2
Throwing       | 3 |  3.3

Action                   |  1- 3 |  4- 6 |  7- 9 || total
-------------------------+-------+-------+-------++-------
Melee: Dagger            |   110 |    83 |    37 ||   230
       Punch             |     2 |       |       ||     2
       Unarmed           |       |     4 |       ||     4
Throw: Dart              |    15 |    27 |     7 ||    49
Evoke: Wand              |       |     2 |       ||     2
  Use: Scroll            |     2 |    11 |       ||    13
       Potion            |       |     1 |       ||     1
 Stab: Sleeping          |    16 |     8 |       ||    24
Armor: Robe              |    23 |    11 |     3 ||    37
Dodge: Dodged            |    89 |    59 |    36 ||   184
